AoeStats
← El Fantasma de Pancho Villa

Pilgrims

508996463Analyzed
4v4 RM · 7d ago on Sep 25, 2026· 68m 43s· 8 players
Game mode
Random Map
Map size
Large (8 player)
Population
200
Speed
Normal
Resources
Standard
Victory
Conquest
Starting age
Dark Age
Ending age
Imperial Age
RankedLock teamsTeams togetherTeam positionsShared explorationLock speedFull tech treeHidden civsTurbo modeCheats
Victory
Defeat
🇹🇼 Chinese · Taiwan
1096
+15
🇨🇳 Burgundians · China
1028
+18
🇨🇳 Spanish · China
984
+20
🇨🇳 Japanese · China
974
+20
🇺🇸 Cumans · United States
1161
-22
🇳🇱 Varangians · Netherlands
1067
-18
🇵🇪 Malay · Peru
1066
-18
🇲🇽 Magyars · Mexico
981
-15
Meow嗷嗚
4:52 Loom
12:39 Feudal Age
18:31 Double-Bit Axe
18:32 Horse Collar
24:44 Castle Age
23:43 Forging
23:34 Scale Mail Armor
25:08 Pikeman
25:53 Squires
27:21 Iron Casting
27:02 Chain Mail Armor
33:01 Bow Saw
37:32 Imperial Age
37:40 Imperial Age
37:42 Arson
40:54 Two-Man Saw
42:40 Elite Fire Lancer
44:11 Conscription
47:59 Wheelbarrow
47:12 Capped Ram
47:56 Gold Mining
49:31 Siege Ram
49:42 Halberdier
53:19 Blast Furnace
52:50 Plate Mail Armor
53:03 Hand Cart
踏天南
4:15 Loom
13:15 Feudal Age
14:24 Fletching
14:32 Fishing Lines
18:28 Castle Age
18:59 Wheelbarrow
23:19 Castle Age
25:13 Bodkin Arrow
27:41 Wheelbarrow
29:22 Double-Bit Axe
31:59 Hand Cart
37:02 Bow Saw
42:40 Imperial Age
40:59 Ballistics
40:50 Guard Tower
42:50 Murder Holes
43:20 Gold Mining
43:25 Stone Mining
44:11 Bracer
45:16 Chemistry
45:27 Keep
46:50 Conscription
47:06 Yasama
48:02 Parthian Tactics
47:44 Padded Archer Armor
48:19 Arrowslits
48:39 Heavy Cavalry Archer
51:04 Thumb Ring
54:13 Gold Shaft Mining
55:56 Leather Archer Armor
59:01 Kataparuto
59:18 Hoardings
62:39 Ring Archer Armor
62:26 Bloodlines
62:17 Husbandry
64:38 Fortified Wall
64:34 Siege Engineers
64:40 Masonry
67:23 Coinage
fyerlang
11:54 Feudal Age
12:13 Loom
15:44 Castle Age
15:05 Town Watch
31:07 Wheelbarrow
31:47 Husbandry
41:55 Imperial Age
40:03 Gold Mining
46:25 Scale Barding Armor
46:31 Forging
50:05 Chain Barding Armor
58:31 Light Cavalry
风吹奶罩飘
14:18 Feudal Age
15:37 Double-Bit Axe
17:43 Fishing Lines
22:41 Castle Age
27:21 Wheelbarrow
34:30 Hand Cart
36:21 Bloodlines
36:11 Husbandry
37:34 Padded Archer Armor
37:25 Fletching
40:13 Imperial Age
42:49 Conscription
47:48 Gold Mining
47:48 Stone Mining
47:59 Bodkin Arrow
48:20 Leather Archer Armor
48:52 Elite Conquistador
50:22 Bracer
53:01 Bracer
53:31 Ring Archer Armor
55:35 Ring Archer Armor
60:22 Ballistics
66:02 Light Cavalry
66:06 Cavalier
mariourigar
13:07 Feudal Age
14:11 Double-Bit Axe
15:20 Town Watch
17:23 Wheelbarrow
21:48 Castle Age
21:10 Bloodlines
23:15 Gold Mining
23:16 Stone Mining
23:52 Fletching
25:42 Loom
26:13 Hand Cart
27:15 Arson
29:33 Scale Mail Armor
34:32 Husbandry
37:03 Caravan
37:47 Corvinian Army
46:42 Light Cavalry
51:32 Pikeman
62:53 Bow Saw
El Fantasma de Pancho Villa
2:58 Loom
13:13 Feudal Age
15:36 Man-at-Arms
16:44 Scale Mail Armor
19:22 Forging
25:57 Wheelbarrow
34:39 Castle Age
34:35 Bloodlines
34:33 Scale Barding Armor
35:21 Light Cavalry
Flying Dutchman
3:59 Loom
11:59 Feudal Age
20:11 Castle Age
20:16 Double-Bit Axe
20:21 Fishing Lines
28:56 Wheelbarrow
30:49 Man-at-Arms
31:15 Gambesons
32:53 Hand Cart
34:14 Horse Collar
38:25 Imperial Age
36:55 Bow Saw
36:48 Heavy Plow
36:54 Gold Mining
37:17 Town Watch
37:53 Long Swordsman
38:33 Squires
38:19 Arson
40:38 Conscription
40:06 Elite Skirmisher
41:40 Town Patrol
43:00 Two-Handed Swordsman
45:26 Two-Man Saw
46:59 Stone Mining
48:28 Capped Ram
49:43 Pikeman
50:33 Halberdier
53:25 Forging
53:15 Scale Mail Armor
53:25 Forging
53:50 Siege Ram
58:25 Onager
60:12 Chemistry
59:23 Fortified Wall
58:53 Treadmill Crane
61:42 Elite Varangian Guard
63:30 Chain Mail Armor
63:50 Iron Casting
66:18 Fletching
66:29 Padded Archer Armor
67:04 Iron Casting
Yosef_
10:17 Loom
12:24 Feudal Age
14:06 Fletching
20:20 Castle Age
21:27 Medium Warships
37:53 Forging
37:40 Double-Bit Axe
39:48 Iron Casting
39:09 Bodkin Arrow
43:28 Imperial Age
42:45 Squires
42:31 Arson
42:06 Pikeman
44:04 Blast Furnace
43:36 Conscription
43:32 Elite Karambit Warrior
47:10 Ballistics
49:35 Halberdier
49:50 Capped Ram
54:51 Masonry
65:30 Chemistry
67:01 Clinker Construction
67:16 Shipwright
66:28 Elite Cannon Galleon
Connection lost

Rejoining the realm…

Still unreachable

The connection could not be restored.

Session expired

The server has moved on; the page needs a fresh start.